 Dungeon Crawl Stone Soup version 0.29-a0-284-gf9362112df (webtiles) character file.

Game seed: 16856530743575984556

116 yunder69 the Chopper (level 4, -2/39 HPs)
             Began as a Minotaur Berserker on Mar 30, 2022.
             Was a Believer of Trog.
             Slain by Sigmund
             ... wielding a +1 vorpal scythe
              (3 damage)
             ... on level 3 of the Dungeon.
             The game lasted 00:03:54 (2871 turns).

yunder69 the Chopper (Minotaur Berserker)           Turns: 2871, Time: 00:03:55

Health: -2/39      AC:  6    Str: 22    XL:     4   Next: 70%
Magic:  3/3        EV: 10    Int: 12    God:    Trog [**....]
Gold:   153        SH:  0    Dex:  9    Spells: 3/3 levels left

rFire   . . .      SeeInvis .   s - +1 hand axe (drain)
rCold   . . .      Faith    .   (no shield)
rNeg    . . .      Spirit   .   f - +0 scale mail
rPois   .          Reflect  .   (helmet restricted)
rElec   .          Harm     .   (no cloak)
rCorr   .          Rampage  .   (no gloves)
Will    ++...                   (no boots)
Stlth   ..........              (no amulet)
HPRegen 1.13/turn               l - +6 ring of intelligence
MPRegen 0.08/turn               i - ring of flight

@: strong-willed, on berserk cooldown, flying, regenerating, slowed, very slow
A: horns 2, retaliatory headbutt
a: Renounce Religion, Berserk, Trog's Hand


You were on level 3 of the Dungeon.
You worshipped Trog.
Trog was pleased with you.
You visited 1 branch of the dungeon, and saw 3 of its levels.

You collected 153 gold pieces.

Inventory:

Hand Weapons
 m - the +0 quarterstaff "Zyusif" {drain, Str+3 SInv}
   (You found it on level 2 of the Dungeon)

   A truly terrible weapon, it drains the life of any living foe it strikes.
   Str:       It affects your strength (+3).
   SInv:      It lets you see invisible.
 s - a +1 hand axe of draining (weapon)
Missiles
 p - 4 boomerangs (quivered)
Armour
 f - a +0 scale mail (worn)
Jewellery
 i - a ring of flight (right hand)
 l - a +6 ring of intelligence (left hand)
Scrolls
 c - 2 scrolls of holy word {unknown}
 d - 2 scrolls of noise {unknown}
 e - 2 scrolls of vulnerability {unknown}
 g - 2 scrolls of enchant armour {unknown}
 j - 2 scrolls of teleportation {unknown}
 o - 4 scrolls of identify {unknown}
 r - a scroll of brand weapon {unknown}
Potions
 b - a potion of flight {unknown}
 h - a potion of heal wounds {unknown}
 k - 3 potions of haste {unknown}
 n - a potion of brilliance {unknown}
 q - a potion of lignification {unknown}


   Skills:
 - Level 3.6 Fighting
 + Level 6.6 Axes
 - Level 2.4 Armour
 - Level 2.1 Dodging


You had 3 spell levels left.
You didn't know any spells.
Your spell library was empty.

Dungeon Overview and Level Annotations

Branches:
Dungeon (3/15)

Altars:

Shops:
D:3 [

Annotations:
D:3 Sigmund


Innate Abilities, Weirdness & Mutations

You have a pair of horns on your head.
You reflexively headbutt those who attack you in melee.


Message History

You now have 153 gold pieces (gained 11).
Sigmund the Dreaded comes into view.
He is wielding a +1 vorpal scythe.
Sigmund mumbles some strange words.
Sigmund flickers and vanishes!
Deactivating autopickup; reactivate with Ctrl-A.
There are no items here.
No target in view!
No target in view!
No target in view!
No target in view!
You are confused.
You are more confused.
A magic dart appears from out of thin air!
The magic dart hits you! Something hits you. Something hits you.
You are too confused!
You feel less confused. Something hits you!
Your skin crawls.
You feel strong-willed.
A red film seems to cover your vision as you go berserk!
You feel yourself moving faster!
You feel mighty! Something hits you!
You feel a strong urge to attack something.
You feel your anger nearly subside.
You see here 6 gold pieces.
You are too injured to fight recklessly!
You are too injured to fight recklessly!
You are too injured to fight recklessly!
You are too injured to fight recklessly!
You are too injured to fight recklessly!
You are no longer berserk.
You are exhausted.
You feel yourself slow down. Something hits you!
* * * LOW HITPOINT WARNING * * *
x2 You see here 6 gold pieces.
Something hits you!
* * * LOW HITPOINT WARNING * * *
You die...

#... #... #..#
###..# #....###
##.....# #......#
#......##
########....{@$##
................#
.....∩..........#
................#
................#
......#.........#
.#######.......##
#.........#
#.........#


There were no monsters in sight!

Vanquished Creatures
  Jessica (D:2)
  4 gnolls (D:2)
  An adder (D:2)
  2 dart slugs (D:2)
  2 ball pythons
  4 endoplasms
  5 giant cockroaches
  3 goblins
  2 hobgoblins (D:1)
  5 quokkas
  2 frilled lizards (D:1)
  4 kobolds (D:1)
  2 rats (D:2)
  A spectral hobgoblin (D:1)
38 creatures vanquished.

Vanquished Creatures (others)
  18 plants (D:2)
18 creatures vanquished.

Grand Total: 56 creatures vanquished

Notes
Turn   | Place    | Note
-------+----------+-------------------------------------------
     0 | D:1      | yunder69 the Minotaur Berserker began the quest for the
                  | Orb.
     0 | D:1      | Reached XP level 1. HP: 19/19 MP: 0/0
   324 | D:1      | Reached skill level 4 in Axes
   996 | D:1      | Reached XP level 2. HP: 23/26 MP: 1/1
  1327 | D:1      | Found a faded altar of an unknown god.
  1545 | D:2      | Noticed Jessica
  1548 | D:2      | Killed Jessica
  1549 | D:2      | Reached skill level 5 in Axes
  1549 | D:2      | Reached XP level 3. HP: 31/31 MP: 2/2
  1693 | D:2      | Reached ** piety under Trog
  1721 | D:2      | Reached skill level 6 in Axes
  1721 | D:2      | Reached XP level 4. HP: 39/39 MP: 3/3
  1737 | D:2      | Identified the +0 quarterstaff "Zyusif" {drain, Str+3 SInv}
  2826 | D:2      | You are sucked into a shaft and drop 1 floor!
  2829 | D:3      | Found Licogot's Antique Armour Boutique.
  2849 | D:3      | Noticed Sigmund
  2871 | D:3      | HP: 1/39 [something (9)]
  2871 | D:3      | Slain by Sigmund

Illustrated notes

Levels and vault maps discovered:
D:1:      co_arrival_two_rings, layout_basic,
          dreamdust_ecumenical_altar_drowned_temple
D:2:      wad_woods_settlement, layout_basic, minmay_pentomino_v4, uniq_jessica
D:3:      layout_rooms, serial_shops, shop, uniq_crazy_yiuf_cottage,
          uniq_natasha, uniq_sigmund

Skill      XL: |  1  2  3 |
---------------+----------+-----
Axes           | 4 5 6 |  6.6
Fighting       | |  3.6
Armour         | |  2.4
Dodging        | |  2.1

Action                   |  1- 3 |  4- 6 || total
-------------------------+-------+-------++-------
Melee: Hand axe          |    52 |    54 ||   106
       Headbutt          |     9 |    17 ||    26
       Punch             |     1 |       ||     1
Invok: Berserk           |       |     1 ||     1
       Trog's Hand       |       |     1 ||     1
Armor: Animal skin       |     2 |       ||     2
       Scale mail        |     8 |    15 ||    23
Dodge: Dodged            |    23 |     9 ||    32

Table legend: (Time is in decaauts)
 A = Elapsed time spent in this place.
 B = Non-inter-level travel time spent in this place.
 C = Inter-level travel time spent in this place.
 D = Time resting spent in this place.
 E = Time spent auto-exploring this place.
 F = Levels seen in this place.
 G = Mean time per level.
                   A        B        C        D        E       F      G
               +--------+--------+--------+--------+--------+-----+--------+
         Total |   2886 |   2174 |    712 |      0 |   1862 |   3 |  962.0 |
       Dungeon |   2886 |   2174 |    712 |      0 |   1862 |   3 |  962.0 |
               +--------+--------+--------+--------+--------+-----+--------+

Top non-repeatable levels by time:
     D:1: 1551 daAuts
     D:2: 1291 daAuts
     D:3: 44 daAuts
